[Event "Titled Tuesday Blitz February 01 A 2022"]
[White "Demchenko, Anton"]
[Black "Garriga Cazorla, Pere"]
[WhiteFideId "4160258"]
[BlackFideId "32011601"]
[WhiteElo "2539"]
[BlackElo "2458"]
[Result "1-0"]
[Round "02"]
[TimeControl "180+1"]
[Date "2022.02.01"]
[WhiteClock "0:00:16"]
[BlackClock "0:00:03"]

1. e4 c5 2. Nf3 d6 3. d4 cxd4 4. Qxd4 Nc6 5. Bb5 Bd7 6. Bxc6 Bxc6 7. Nc3 Nf6 8. Bg5 e6 9. O-O-O Be7 10. Qd3 Qa5 11. Kb1 O-O 12. h4 Rfc8 13. Nd4 a6 14. f3 b5 15. g4 b4 16. Nce2 Be8 17. Ng3 Qc7 18. Rhg1 a5 19. Nh5 Nxh5 20. gxh5 Bf8 21. f4 Kh8 22. h6 g6 23. Bf6+ Kg8 24. h5 a4 25. f5 b3 26. cxb3 axb3 27. a3 Qc4 28. hxg6 fxg6 29. fxg6 Bxg6 30. Qf3 e5 31. Rxg6+ hxg6 32. h7+ Kxh7 33. Rh1+ Kg8 34. Rh8+ Kf7 35. Bxe5+ Ke7 36. Qf6+ Kd7 37. Rh7+ Ke8 38. Qxg6+ Kd8 39. Ne6+ Qxe6 40. Qxe6 Rc7 41. Bf6+ 1-0


[Site "https://www.chess.com"]

[Event "Titled Tuesday Blitz February 01 A 2022"]
[White "Erigaisi Arjun"]
[Black "Beerdsen, Thomas"]
[WhiteFideId "35009192"]
[BlackFideId "1030108"]
[WhiteElo "2745"]
[BlackElo "2585"]
[Result "1/2-1/2"]
[Round "02"]
[TimeControl "180+1"]
[Date "2022.02.01"]
[WhiteClock "0:00:06"]
[BlackClock "0:00:05"]

1. d4 d5 2. Bg5 Nf6 3. Nd2 c5 4. e3 Nc6 5. c3 h6 6. Bxf6 gxf6 7. dxc5 a5 8. Bb5 Rg8 9. Ne2 e5 10. b4 h5 11. Nf3 Bg4 12. Qa4 axb4 13. Bxc6+ bxc6 14. Qxc6+ Bd7 15. Qxd5 Qc8 16. Ng3 Bc6 17. Qc4 Rg4 18. e4 h4 19. h3 Rf4 20. Nh5 Rxe4+ 21. Qxe4 Bxe4 22. Nxf6+ Ke7 23. Nxe4 f5 24. Nd6 Qxc5 25. Nxf5+ Kf6 26. O-O Kxf5 27. Nxh4+ Kf6 28. cxb4 Qxb4 29. Nf3 e4 30. Nh2 Bc5 31. Rab1 Qd2 32. Rbd1 Qxa2 33. Rc1 Rc8 34. Ra1 Qc4 35. Ng4+ Kg7 36. Rad1 Qe6 37. Rfe1 Rf8 38. Rc1 Bb6 39. Rb1 Rf4 40. Rb5 Qc6 41. Rg5+ Kh7 42. Rh5+ Kg7 43. Rg5+ Kf8 44. Rf1 e3 45. fxe3 Rxf1+ 46. Kxf1 Qc1+ 47. Ke2 Qc2+ 48. Kf3 Qd1+ 49. Kf2 Qc2+ 50. Kf3 Qc6+ 51. Kf2 Bc7 52. Rf5+ Ke8 53. Rf6 Qc2+ 54. Kg1 Qd2 55. Rf2 Qe1+ 56. Rf1 Qe2 57. Rf2 Qd3 58. Rf1 Bg3 59. Rf3 Qd1+ 60. Rf1 Qe2 61. Rf3 Bh4 62. Rf4 Ke7 63. Re4+ Kd6 64. Rd4+ Kc5 65. Rf4 Bg3 66. Rf3 Bd6 67. Rf5+ Kc6 68. Rf2 Qe1+ 69. Rf1 Qe2 70. Rf2 Qd1+ 71. Rf1 Qd2 72. Rf2 Qc1+ 73. Rf1 Qc2 74. Rf2 Qb1+ 75. Rf1 Qb2 76. Rf2 Qa1+ 77. Rf1 Qa3 78. Kf2 Qa2+ 79. Kg1 Bc5 80. Rf6+ Kd5 81. Rf5+ Kc6 82. Rf6+ Kd7 83. Rf7+ Ke6 84. Rf2 Qb3 85. Rf3 Kd5 86. Rf5+ Kd6 87. Rf6+ Ke7 88. Rf3 Qd1+ 89. Rf1 Qe2 90. Rf3 Qe1+ 91. Kh2 Bd6+ 92. g3 Qe2+ 93. Rf2 Qe1 94. Kg2 Ke6 95. Rf6+ Kd5 96. Rf1 Qe2+ 97. Rf2 Qe1 98. Nf6+ Ke6 99. Ne4 Be5 100. Ng5+ Kd5 101. e4+ Kc4 102. h4 Qe3 103. Rf3 Qe2+ 104. Kh3 Bd4 105. Kg4 Be5 106. Kf5 Bc7 107. h5 Qh2 108. Kg6 Bxg3 109. h6 Bf4 110. Rxf4 Qxf4 111. h7 Qh4 112. Nf7 Qxe4+ 113. Kg7 Qg4+ 114. Kf8 Qc8+ 115. Kg7 Qg4+ 116. Kf8 Qc8+ 117. Kg7 Qg4+ 1/2-1/2


[Site "https://www.chess.com"]

[Event "Titled Tuesday Blitz February 01 A 2022"]
[White "Garcia Martin, Marta"]
[Black "Nakamura, Hikaru"]
[WhiteFideId "32084030"]
[BlackFideId "2016192"]
[WhiteElo "2102"]
[BlackElo "2850"]
[Result "0-1"]
[Round "02"]
[TimeControl "180+1"]
[Date "2022.02.01"]
[WhiteClock "0:00:08"]
[BlackClock "0:00:52"]

1. e4 g6 2. d4 Bg7 3. Nf3 c6 4. h3 d5 5. e5 f6 6. c4 Nh6 7. Nc3 Nf7 8. Bf4 O-O 9. Qb3 fxe5 10. dxe5 e6 11. cxd5 cxd5 12. Be2 Nc6 13. Rd1 Qe7 14. O-O Nfxe5 15. Bg3 Nxf3+ 16. Bxf3 Nd4 17. Rxd4 Bxd4 18. Nxd5 exd5 19. Qxd5+ Be6 20. Qxd4 Rad8 21. Qe3 Qf7 22. Be5 Bd5 23. Bg4 Rfe8 24. Re1 Bc6 25. f4 Qd5 26. Qg3 Qc5+ 27. Kh2 Rd2 28. Bf3 Bxf3 29. Qxf3 Qd5 30. Qxd5+ Rxd5 31. Rc1 Re7 32. Rc8+ Kf7 33. h4 h5 34. Rh8 Ke6 35. Rf8 Rf7 36. Rg8 Kf5 37. Rb8 a6 38. Kh3 Rd3+ 39. g3 Rd2 40. a3 Rfd7 41. Rf8+ Ke4 42. Rf6 Rc2 43. Bc3 Kf3 44. Rxg6 Rd1 0-1


[Site "https://www.chess.com"]

[Event "Titled Tuesday Blitz February 01 A 2022"]
[White "Goldin, Alexander"]
[Black "Savchenko, Boris"]
[WhiteFideId "2019540"]
[BlackFideId "4147332"]
[WhiteElo "2623"]
[BlackElo "2512"]
[Result "1-0"]
[Round "02"]
[TimeControl "180+1"]
[Date "2022.02.01"]
[WhiteClock "0:00:32"]
[BlackClock "0:00:06"]

1. Nf3 d5 2. g3 Bf5 3. Bg2 e6 4. O-O Nf6 5. d3 Be7 6. c4 c6 7. Qb3 Qb6 8. Qc2 c5 9. Nh4 Bg4 10. h3 Bh5 11. g4 Bg6 12. g5 Nfd7 13. cxd5 exd5 14. Nc3 Qd6 15. Nxd5 Nc6 16. Bf4 Nde5 17. Nxe7 Qxe7 18. Rac1 Nd4 19. Qd2 O-O 20. e3 Ndc6 21. Nxg6 Nxg6 22. Bg3 Qxg5 23. Qc3 Qf5 24. Rfd1 Rfc8 25. Qxc5 Qd7 26. Qd5 Qe8 27. Rc5 Rd8 28. Qb3 Rd7 29. d4 Rad8 30. Rdc1 h6 31. d5 Nce5 32. f4 Nc6 33. dxc6 Rd3 34. R5c3 Qxe3+ 35. Bf2 Qxc1+ 36. Rxc1 Rxb3 37. c7 Rbd3 38. cxd8=Q+ Rxd8 39. f5 Nf4 40. Kf1 b6 41. Bg3 Nxg2 42. Kxg2 Rd2+ 43. Kf3 Rxb2 44. Rc8+ Kh7 45. Rc7 Rxa2 46. Rxf7 Kg8 47. Rd7 Ra5 48. Ke4 Ra4+ 49. Kd5 Ra5+ 50. Ke6 Ra2 51. Be5 Rg2 52. Rxa7 b5 53. Rb7 h5 54. h4 Rg4 55. f6 gxf6 56. Bxf6 b4 57. Rb8+ Kh7 58. Kf5 Rg8 59. Rb7+ Kh6 60. Bg5+ Rxg5+ 61. hxg5# 1-0


[Site "https://www.chess.com"]

[Event "Titled Tuesday Blitz February 01 A 2022"]
[White "Goryachkina, Aleksandra"]
[Black "Andreikin, Dmitry"]
[WhiteFideId "4147103"]
[BlackFideId "4158814"]
[WhiteElo "2426"]
[BlackElo "2736"]
[Result "0-1"]
[Round "02"]
[TimeControl "180+1"]
[Date "2022.02.01"]
[WhiteClock "0:00:01"]
[BlackClock "0:00:07"]

1. Nf3 g6 2. d4 Bg7 3. c4 e6 4. Nc3 Ne7 5. e4 O-O 6. Be2 d5 7. e5 dxc4 8. Bxc4 c5 9. dxc5 Qxd1+ 10. Nxd1 Nd7 11. Be3 Nf5 12. O-O Nxe3 13. Nxe3 Nxe5 14. Nxe5 Bxe5 15. Rab1 Bd7 16. b4 Bc6 17. Rfd1 Rfd8 18. Kf1 Bxh2 19. g3 h5 20. Ke2 h4 21. gxh4 Kg7 22. b5 Be8 23. Rxd8 Rxd8 24. Bd3 Rd4 25. h5 gxh5 26. Rh1 Bc7 27. Rxh5 Rb4 28. c6 bxc6 29. bxc6 Rb2+ 30. Kf1 f5 31. Rh4 Rxa2 32. Rb4 Ra1+ 33. Ke2 Ra2+ 34. Kf1 Kf6 35. Rb7 Bb6 36. c7 Bd7 37. Nc4 Rxf2+ 38. Ke1 Rf3 39. Be2 Rc3 40. Nxb6 axb6 0-1


[Site "https://www.chess.com"]

[Event "Titled Tuesday Blitz February 01 A 2022"]
[White "Halvax, Georg"]
[Black "Nesterov, Arseniy"]
[WhiteFideId "1619543"]
[BlackFideId "24198455"]
[WhiteElo "2403"]
[BlackElo "2489"]
[Result "1-0"]
[Round "02"]
[TimeControl "180+1"]
[Date "2022.02.01"]
[WhiteClock "0:00:13"]
[BlackClock "0:00:03"]

1. e4 e5 2. Nf3 Nc6 3. d4 exd4 4. Nxd4 Bb4+ 5. c3 Bc5 6. Nf5 Qf6 7. Be3 d6 8. Bxc5 dxc5 9. Ne3 Nge7 10. Nd2 Bd7 11. Qc2 O-O-O 12. Be2 h5 13. Nf3 g5 14. Rf1 g4 15. Nd2 Ne5 16. O-O-O Qg5 17. Kb1 h4 18. Ndc4 f6 19. f4 gxf3 20. gxf3 Qf4 21. Qb3 Qxh2 22. Na5 b6 23. Ba6+ Kb8 24. Nd5 Be6 25. f4 Nxd5 26. exd5 Bf5+ 27. Ka1 Bc2 28. Qb5 Bxd1 29. Nc6+ Ka8 30. Nxe5 Rd6 31. Nf7 Qc2 32. a3 c4 33. Qxc4 b5 34. Bxb5 Rb6 35. Nxh8 a6 36. Bc6+ Ka7 37. Qa2 Qd2 38. Qb1 Be2 39. Rc1 Bc4 40. Rc2 Qxf4 41. Qc1 Qg4 42. Nf7 h3 43. Nd8 Qc8 44. Ne6 Rxc6 45. dxc6 Qxe6 46. Qd1 Qxc6 47. Rc1 Be6 48. Qd4+ Kb7 49. Qxf6 Qc4 50. b3 Qxb3 51. Rb1 h2 52. Qh4 Ka7 53. Rxb3 Bd5 54. Qxh2 1-0


[Site "https://www.chess.com"]

[Event "Titled Tuesday Blitz February 01 A 2022"]
[White "Hansen, Eric"]
[Black "Weetik, Vjacheslav"]
[WhiteFideId "2606771"]
[BlackFideId "4153472"]
[WhiteElo "2568"]
[BlackElo "2469"]
[Result "1-0"]
[Round "02"]
[TimeControl "180+1"]
[Date "2022.02.01"]
[WhiteClock "0:00:22"]
[BlackClock "0:00:02"]

1. e4 c6 2. Nc3 d5 3. Nf3 dxe4 4. Nxe4 Nf6 5. d3 Bg4 6. Be2 Nbd7 7. O-O Qc7 8. Nfg5 Bf5 9. Ng3 Bg6 10. d4 h6 11. Nf3 e6 12. Bd3 Bxd3 13. Qxd3 Bd6 14. Re1 O-O-O 15. c4 c5 16. Qc2 cxd4 17. Nxd4 a6 18. Nf3 Kb8 19. Rb1 h5 20. Bg5 Bf4 21. b4 Bxg5 22. Nxg5 h4 23. Nf1 Nb6 24. c5 Nbd5 25. h3 Rh5 26. Nf3 Nf4 27. Qc4 Rhd5 28. Ne3 Rd3 29. b5 axb5 30. Rxb5 N6h5 31. c6 b6 32. Reb1 1-0


[Site "https://www.chess.com"]

[Event "Titled Tuesday Blitz February 01 A 2022"]
[White "Harshavardhan G B"]
[Black "Muradli, Mahammad"]
[WhiteFideId "25059009"]
[BlackFideId "13409301"]
[WhiteElo "1831"]
[BlackElo "2645"]
[Result "0-1"]
[Round "02"]
[TimeControl "180+1"]
[Date "2022.02.01"]
[WhiteClock "0:00:03"]
[BlackClock "0:00:06"]

1. e4 c5 2. Nc3 d6 3. Nf3 Nf6 4. d4 cxd4 5. Nxd4 a6 6. Qf3 e6 7. Be3 Be7 8. g4 Nfd7 9. h4 b5 10. Bd3 Bb7 11. Qg2 Qc7 12. g5 Nc6 13. h5 O-O-O 14. O-O-O Nc5 15. Kb1 Nb4 16. f4 d5 17. e5 Qa5 18. g6 Nbxd3 19. cxd3 b4 20. Nce2 hxg6 21. hxg6 Rxh1 22. Qxh1 fxg6 23. Nxe6 d4 24. Qh3 Kb8 25. Nxd8 Bd5 26. b3 dxe3 27. Qxe3 Qxd8 28. Nd4 Kb7 29. Nc2 a5 30. Rg1 Qe8 31. f5 Qf7 32. fxg6 Qf5 33. Rd1 Qxg6 34. Rg1 Qf7 35. Nd4 Ne6 36. Nb5 Bc5 37. Qxc5 Nxc5 38. Nd6+ Kc6 39. Nxf7 Bxf7 40. Rxg7 Be6 41. d4 Ne4 42. Ra7 Kb6 43. Re7 Bd5 44. Kb2 Kc6 45. Ra7 Kb6 46. Rg7 Nc3 47. a3 Nd1+ 48. Ka2 a4 49. axb4 axb3+ 50. Kb1 b2 51. Rg4 Bc4 52. Rg3 Be6 53. Rg5 Bd5 54. Rg4 Kb5 55. Rf4 Kxb4 56. e6 Ka3 57. e7 Ba2+ 58. Kc2 b1=Q+ 59. Kd2 Qb2+ 60. Ke1 Qc3+ 61. Kxd1 Qd3+ 62. Kc1 Qe3+ 63. Kc2 Bb3+ 64. Kb1 Qe1# 0-1


[Site "https://www.chess.com"]

[Event "Titled Tuesday Blitz February 01 A 2022"]
[White "Havlik, Jan"]
[Black "Sasikiran, Krishnan"]
[WhiteFideId "319783"]
[BlackFideId "5004985"]
[WhiteElo "2372"]
[BlackElo "2572"]
[Result "0-1"]
[Round "02"]
[TimeControl "180+1"]
[Date "2022.02.01"]
[WhiteClock "0:00:13"]
[BlackClock "0:00:02"]

1. e4 e5 2. Bc4 Nf6 3. d4 exd4 4. Nf3 Nc6 5. O-O Bc5 6. e5 d5 7. exf6 dxc4 8. Re1+ Be6 9. Ng5 Qd6 10. fxg7 Rg8 11. Ne4 Qe5 12. Bg5 Qxg7 13. Nf6+ Kd8 14. Ne4+ Be7 15. Bxe7+ Kxe7 16. Ng3 Qg4 17. f3 Qg6 18. Nd2 Kf8 19. Nde4 h5 20. Qd2 h4 21. Nf1 Rd8 22. Nc5 Bc8 23. Re2 Rd5 24. Ne4 Ne5 25. Qf4 f5 26. Ned2 h3 27. g3 Qd6 28. Rae1 c3 29. Nc4 Nxc4 30. Re8+ Kf7 31. R1e7+ Qxe7 32. Rxe7+ Kxe7 33. Qxc7+ Rd7 34. Qxc4 cxb2 35. Qb4+ Kd8 36. Qxb2 Re8 37. Qb5 b6 38. Qxf5 Bb7 39. Qf6+ Kc8 40. Qf5 Re2 41. Qd3 Rg2+ 42. Kh1 Rf2 43. Kg1 Rxf3 44. Qc4+ Kb8 45. Nd2 Rc3 46. Qg8+ Rc8 47. Qg4 Rdc7 48. Qxh3 Rxc2 49. Nf1 Ka8 50. a4 Ra2 51. Qg4 Rg2+ 0-1


[Site "https://www.chess.com"]

[Event "Titled Tuesday Blitz February 01 A 2022"]
[White "Kislinsky, Alexey"]
[Black "Babazada, Khazar"]
[WhiteFideId "14108801"]
[BlackFideId "13413554"]
[WhiteElo "2335"]
[BlackElo "2418"]
[Result "0-1"]
[Round "02"]
[TimeControl "180+1"]
[Date "2022.02.01"]
[WhiteClock "0:00:05"]
[BlackClock "0:00:16"]

1. e4 Nf6 2. e5 Nd5 3. d4 d6 4. Bc4 e6 5. Qg4 Nc6 6. Nf3 h5 7. Qe4 Be7 8. h4 Nb6 9. Bb3 a5 10. a4 Bd7 11. Nc3 Nb4 12. Qf4 Bc6 13. Be3 N6d5 14. Nxd5 Bxd5 15. Bxd5 Nxd5 16. Qg3 g6 17. Bg5 Qd7 18. O-O O-O-O 19. c3 Bxg5 20. Nxg5 dxe5 21. dxe5 Ne7 22. Qf4 Nf5 23. g3 Qe7 24. Rfd1 Rxd1+ 25. Rxd1 Rd8 26. Rxd8+ Qxd8 27. Nxf7 Qd1+ 28. Kh2 Qc2 29. Ng5 Kd7 30. Ne4 Qxb2 31. Nc5+ Kc6 32. Nxe6 Qxc3 33. Nf8 Qd4 34. Qf3+ Qd5 35. Qc3+ Qc5 36. Qf3+ Qd5 37. Qc3+ Kb6 38. Nxg6 Nd4 39. Nf4 Qe4 40. Qe3 Qxe3 41. fxe3 Nf3+ 42. Kg2 Nxe5 43. Nxh5 Kc6 44. Nf6 b5 45. axb5+ Kxb5 46. h5 a4 47. h6 a3 48. h7 Ng6 49. Ne4 Kc4 50. Nd2+ Kd3 51. Nb3 Kc3 52. Nc1 Kc2 53. Na2 Kb2 54. Nb4 c5 55. Nd3+ Kc2 56. Nf4 Nh8 57. g4 a2 58. g5 a1=Q 59. g6 Qf6 0-1


[Site "https://www.chess.com"]

[Event "Titled Tuesday Blitz February 01 A 2022"]
[White "Liyanage, Ranindu Dilshan"]
[Black "Sviridov, Valery"]
[WhiteFideId "9915834"]
[BlackFideId "4120680"]
[WhiteElo "1858"]
[BlackElo "2454"]
[Result "0-1"]
[Round "02"]
[TimeControl "180+1"]
[Date "2022.02.01"]
[WhiteClock "0:00:03"]
[BlackClock "0:00:45"]

1. e4 Nf6 2. e5 Nd5 3. d4 d6 4. Nf3 dxe5 5. Nxe5 c6 6. Bd3 Nd7 7. O-O Nxe5 8. dxe5 g6 9. Qe2 Bg7 10. Rd1 Qc7 11. Re1 O-O 12. a3 Be6 13. c4 Nb6 14. b3 Rfd8 15. Bb2 a5 16. Nd2 Rd7 17. c5 Qd8 18. cxb6 Rxd3 19. Ne4 Rd5 20. Qe3 Bf5 21. Nc3 Rd3 22. Qc5 Be6 23. b4 axb4 24. axb4 Rxa1 25. Rxa1 Rd2 26. Ba3 h5 27. h3 Qd4 28. Re1 Qxc5 29. bxc5 Rc2 30. Nb1 g5 31. Bc1 g4 32. hxg4 hxg4 33. Ba3 Bf5 34. Bb4 Rb2 0-1


[Site "https://www.chess.com"]

[Event "Titled Tuesday Blitz February 01 A 2022"]
[White "Madaminov, Mukhiddin"]
[Black "Jones, Gawain C B"]
[WhiteFideId "14210703"]
[BlackFideId "409561"]
[WhiteElo "1916"]
[BlackElo "2657"]
[Result "0-1"]
[Round "02"]
[TimeControl "180+1"]
[Date "2022.02.01"]
[WhiteClock "0:00:02"]
[BlackClock "0:01:21"]

1. d4 Nf6 2. Nc3 d5 3. Bf4 g6 4. e3 Bg7 5. Nf3 O-O 6. Be2 c5 7. Nb5 Nc6 8. Nc7 Rb8 9. Nb5 Ra8 10. Nc7 Nh5 11. Nxa8 Nxf4 12. exf4 cxd4 13. O-O Qd6 14. Bb5 Bd7 15. Bxc6 bxc6 16. Nxd4 Qxf4 17. c3 Rxa8 18. Re1 e5 19. Nb3 Rb8 20. Nc5 Bg4 21. Qa4 e4 22. Qxc6 Rxb2 23. Qe8+ Bf8 24. Rf1 Rb8 25. Qc6 Rc8 26. Qxd5 Rxc5 27. Qd8 Bf3 0-1


[Site "https://www.chess.com"]

[Event "Titled Tuesday Blitz February 01 A 2022"]
[White "Makarian, Rudik"]
[Black "Starozhilov, Leonid"]
[WhiteFideId "44105681"]
[BlackFideId "14106752"]
[WhiteElo "2486"]
[BlackElo "2414"]
[Result "1-0"]
[Round "02"]
[TimeControl "180+1"]
[Date "2022.02.01"]
[WhiteClock "0:00:20"]
[BlackClock "0:00:16"]

1. d3 Nf6 2. g3 d5 3. Bg2 c5 4. f4 Nc6 5. Nf3 d4 6. O-O g6 7. c3 Bg7 8. e4 dxe3 9. Bxe3 Nd7 10. Qe2 O-O 11. Na3 a6 12. Nc4 Qc7 13. a4 b6 14. Ng5 Bb7 15. f5 Nce5 16. Bf4 Bxg2 17. Qxg2 Qc6 18. Bxe5 Qxg2+ 19. Kxg2 Nxe5 20. Nxe5 Bxe5 21. Rfe1 Bd6 22. fxg6 hxg6 23. h4 b5 24. Kf3 Kg7 25. Re2 Rfb8 26. Ne4 Rd8 27. Ree1 Rab8 28. axb5 axb5 29. Ra7 b4 30. c4 Be5 31. Rxe7 Bxb2 32. Nxc5 Kg8 33. Rb1 Bd4 34. Nd7 Rb7 35. Nf6+ Bxf6 36. Rxb7 Rxd3+ 37. Ke4 Rd4+ 38. Kf3 Rd3+ 39. Ke2 Rxg3 40. R1xb4 Bxh4 41. c5 Bf6 42. Rc4 Be5 43. c6 Rg4 1-0


[Site "https://www.chess.com"]

[Event "Titled Tuesday Blitz February 01 A 2022"]
[White "Maksimenko, Viktor"]
[Black "Lenderman, Aleksandr"]
[WhiteFideId "13710478"]
[BlackFideId "2021285"]
[WhiteElo "2269"]
[BlackElo "2651"]
[Result "0-1"]
[Round "02"]
[TimeControl "180+1"]
[Date "2022.02.01"]
[WhiteClock "0:00:46"]
[BlackClock "0:01:20"]

1. d4 d6 2. c4 e5 3. Nf3 e4 4. Nfd2 f5 5. Nc3 Nf6 6. e3 g6 7. b4 Bg7 8. Bb2 O-O 9. a4 Nc6 10. a5 Nxb4 11. Qb3 Nc6 12. a6 bxa6 13. Qa4 Bd7 14. Qa3 Rb8 15. Be2 Nb4 16. Rc1 c5 17. Nd5 Nfxd5 18. cxd5 cxd4 19. Bxd4 Bxd4 20. exd4 Bb5 21. Bxb5 Rxb5 22. O-O Nxd5 23. Qxa6 Qb6 24. Qa2 Qa5 25. Qc4 Qb6 26. Rb1 Rb8 27. h4 Kg7 28. h5 gxh5 29. Rfc1 a6 30. Rxb5 Qxb5 31. Qa2 Qb2 32. Qxd5 Qxc1+ 33. Nf1 Rb1 34. Qxf5 Qxf1+ 35. Kh2 Qh1+ 36. Kg3 Rb3+ 0-1


[Site "https://www.chess.com"]

[Event "Titled Tuesday Blitz February 01 A 2022"]
[White "Markov, Mikhail"]
[Black "Le, Tuan Minh"]
[WhiteFideId "13800698"]
[BlackFideId "12401153"]
[WhiteElo "2268"]
[BlackElo "2450"]
[Result "0-1"]
[Round "02"]
[TimeControl "180+1"]
[Date "2022.02.01"]
[WhiteClock "0:01:22"]
[BlackClock "0:01:08"]

1. c4 c6 2. Nf3 d5 3. e3 Nf6 4. Nc3 a6 5. b3 Bg4 6. Be2 e6 7. O-O Bd6 8. d4 Nbd7 9. h3 Bh5 10. Qc2 O-O 11. e4 dxe4 12. Nxe4 Nxe4 13. Qxe4 a5 14. Bf4 Nf6 15. Qe3 a4 16. Ne5 Bg6 17. Bf3 Re8 18. b4 Bxb4 19. Nxg6 hxg6 20. Rab1 Bd6 21. Rxb7 Bxf4 22. Qxf4 Rc8 23. Rfb1 Qa5 24. g4 g5 25. Qe5 Qc3 26. c5 Qxf3 27. Qxg5 Qxh3 28. Ra7 Qxg4+ 29. Qxg4 Nxg4 30. Rbb7 Nh6 31. Rxa4 Red8 32. Kf1 Nf5 33. Raa7 Rxd4 34. Rxf7 Rd5 35. a4 Rxc5 36. a5 Rxa5 0-1


[Site "https://www.chess.com"]

[Event "Titled Tuesday Blitz February 01 A 2022"]
[White "Martinez Alcantara, Jose Eduardo"]
[Black "Tregubov, Pavel V."]
[WhiteFideId "3805662"]
[BlackFideId "4115341"]
[WhiteElo "2690"]
[BlackElo "2341"]
[Result "1-0"]
[Round "02"]
[TimeControl "180+1"]
[Date "2022.02.01"]
[WhiteClock "0:00:15"]
[BlackClock "0:00:08"]

1. e4 c5 2. Nf3 e6 3. c3 d5 4. exd5 exd5 5. d4 Nc6 6. Bb5 Bd6 7. dxc5 Bxc5 8. O-O Ne7 9. Nbd2 O-O 10. Nb3 Bd6 11. h3 Nf5 12. Bd3 h6 13. Bc2 Re8 14. Re1 Rxe1+ 15. Qxe1 Be6 16. Be3 Qf6 17. Bc5 Bc7 18. Nbd4 Nfxd4 19. Nxd4 Nxd4 20. Bxd4 Qf4 21. g3 Qg5 22. h4 Qg4 23. Qd1 Re8 24. Qxg4 Bxg4 25. Bb3 Bf3 26. Kf1 a6 27. Bd1 Be4 28. Be2 f6 29. Rd1 Kf7 30. f3 Bf5 31. f4 Be4 32. Kf2 b5 33. a4 bxa4 34. Ra1 Rb8 35. c4 Rb4 36. Bc3 Rb8 37. cxd5 Bb6+ 38. Kf1 Bxd5 39. Rxa4 a5 40. Bc4 Bxc4+ 41. Rxc4 Rd8 42. Rc6 Bd4 43. Bxa5 Rb8 44. b4 Re8 45. Rc4 Ba7 46. b5 Rb8 47. Rc7+ 1-0


[Site "https://www.chess.com"]

[Event "Titled Tuesday Blitz February 01 A 2022"]
[White "Nitin, S."]
[Black "Salinas Herrera, Pablo"]
[WhiteFideId "5018277"]
[BlackFideId "3407128"]
[WhiteElo "2417"]
[BlackElo "2541"]
[Result "1-0"]
[Round "02"]
[TimeControl "180+1"]
[Date "2022.02.01"]
[WhiteClock "0:00:10"]
[BlackClock "0:00:05"]

1. e4 g6 2. Nc3 Bg7 3. h4 h5 4. d4 d6 5. Be3 a6 6. Qd2 b5 7. O-O-O Bb7 8. f3 Nd7 9. Nh3 e6 10. Ng5 Ngf6 11. Kb1 Qe7 12. Qf2 Nb6 13. Bd3 Nfd7 14. Rhe1 c5 15. Bf1 Rc8 16. f4 b4 17. Ne2 Nf6 18. dxc5 Ng4 19. cxd6 Nxf2 20. dxe7 Nxd1 21. Rxd1 Nc4 22. Bc1 Kxe7 23. e5 Rhd8 24. Nd4 Bd5 25. b3 Na3+ 26. Bxa3 bxa3 27. Bxa6 Ra8 28. Bf1 f6 29. c4 fxg5 30. cxd5 Rxd5 31. Bc4 Rd7 32. hxg5 Rc8 33. Kc2 Rf8 34. Nxe6 Rxd1 35. Kxd1 Rg8 36. Ke2 Bh8 37. Nd4 Rc8 38. Ke3 Bg7 39. Ke4 Rc5 40. Nb5 Bf8 41. Nxa3 Ke8 42. Nb5 Be7 43. a4 Kd7 44. a5 Bd8 45. a6 Bb6 46. Nd4 Ra5 47. Bf7 Rxa6 48. Bxg6 Kd8 49. Bxh5 Ra1 50. Bf3 Re1+ 51. Ne2 Rb1 52. g6 Rxb3 53. g7 Rb4+ 54. Kf5 Ke7 55. g8=Q Bc5 56. Qe6+ Kd8 57. Qd5+ Ke8 58. Qxc5 Rb8 59. Qc7 Rd8 60. Bh5+ Kf8 61. Qf7# 1-0


[Site "https://www.chess.com"]

[Event "Titled Tuesday Blitz February 01 A 2022"]
[White "Nogerbek, Kazybek"]
[Black "Janaszak, Dawid"]
[WhiteFideId "13710427"]
[BlackFideId "1119206"]
[WhiteElo "2478"]
[BlackElo "2199"]
[Result "1-0"]
[Round "02"]
[TimeControl "180+1"]
[Date "2022.02.01"]
[WhiteClock "0:02:06"]
[BlackClock "0:01:00"]

1. c4 Nf6 2. Nc3 g6 3. g3 Bg7 4. Bg2 O-O 5. Nf3 c6 6. d4 d5 7. cxd5 cxd5 8. Ne5 e6 9. O-O Nfd7 10. Nf3 Nc6 11. e4 dxe4 12. Nxe4 b6 13. Bg5 f6 14. Be3 Ne7 15. Rc1 Nd5 16. Qb3 Ba6 17. Rfe1 Qe7 18. Nfd2 Rfc8 19. Nc3 Nxc3 20. bxc3 Rab8 21. Bf4 Qf7 22. Bxb8 Nxb8 23. Qxe6 Rd8 24. Bf1 Bh6 25. Rcd1 Bg7 26. Bxa6 Bh6 27. Bc4 1-0


[Site "https://www.chess.com"]

[Event "Titled Tuesday Blitz February 01 A 2022"]
[White "Papp, Levente"]
[Black "Grandelius, Nils"]
[WhiteFideId "751243"]
[BlackFideId "1710400"]
[WhiteElo "2308"]
[BlackElo "2617"]
[Result "0-1"]
[Round "02"]
[TimeControl "180+1"]
[Date "2022.02.01"]
[WhiteClock "0:00:03"]
[BlackClock "0:00:11"]

1. c4 e6 2. Nf3 d5 3. g3 a6 4. b3 b5 5. cxd5 exd5 6. Bg2 Nf6 7. O-O c5 8. d3 Be7 9. e4 dxe4 10. dxe4 Qxd1 11. Rxd1 Bb7 12. Nc3 Nxe4 13. Nd5 Bd8 14. Ne5 f5 15. Bb2 O-O 16. Rac1 Nc6 17. Nxc6 Bxc6 18. f3 Bxd5 19. Rxd5 Nf6 20. Rxf5 Bb6 21. Bf1 Rad8 22. Rc2 Nd5 23. Rxf8+ Rxf8 24. Rd2 c4+ 25. Kg2 c3 26. Rxd5 cxb2 27. Bd3 Rc8 28. Rd6 Rc3 29. Bf5 Bc7 30. Rd1 g6 31. Be4 Rc1 32. Rf1 Kf7 33. f4 Ke6 34. f5+ Ke5 35. Bb1 Rxf1 36. Kxf1 gxf5 37. Ke2 Bb6 38. h3 h6 39. g4 fxg4 40. hxg4 Kf4 41. Bf5 h5 42. Kd2 hxg4 43. Bd3 g3 0-1


[Site "https://www.chess.com"]

[Event "Titled Tuesday Blitz February 01 A 2022"]
[White "Santos Ruiz, Miguel"]
[Black "Grischuk, Alexander"]
[WhiteFideId "22291482"]
[BlackFideId "4126025"]
[WhiteElo "2486"]
[BlackElo "2762"]
[Result "1/2-1/2"]
[Round "02"]
[TimeControl "180+1"]
[Date "2022.02.01"]
[WhiteClock "0:00:49"]
[BlackClock "0:00:19"]

1. e4 c5 2. Nf3 d6 3. d4 cxd4 4. Nxd4 Nf6 5. Nc3 a6 6. Be2 e5 7. Nb3 Be7 8. Be3 Be6 9. Nd5 Nbd7 10. Qd3 O-O 11. O-O Bxd5 12. exd5 Rc8 13. c4 Ne8 14. a4 a5 15. Bg4 e4 16. Qxe4 Nef6 17. Qf4 Nxg4 18. Qxg4 Ne5 19. Qe2 Nxc4 20. Bd4 Bf6 21. Rfe1 Re8 22. Bxf6 Rxe2 23. Bxd8 Rxe1+ 24. Rxe1 Rxd8 25. Rc1 Nxb2 26. Nxa5 g6 27. Rc7 Nxa4 28. Nxb7 Rf8 29. Nxd6 Nb6 30. g3 Nxd5 31. Rc8 Rxc8 32. Nxc8 Kg7 1/2-1/2


[Site "https://www.chess.com"]

[Event "Titled Tuesday Blitz February 01 A 2022"]
[White "Sarana, Alexey"]
[Black "Maksimovic, Bojan"]
[WhiteFideId "24133795"]
[BlackFideId "14408120"]
[WhiteElo "2665"]
[BlackElo "2450"]
[Result "1-0"]
[Round "02"]
[TimeControl "180+1"]
[Date "2022.02.01"]
[WhiteClock "0:00:11"]
[BlackClock "0:00:02"]

1. d4 d5 2. c4 e5 3. dxe5 d4 4. Nf3 Nc6 5. Nbd2 Nge7 6. a3 a5 7. Nb3 Nf5 8. Bg5 Be7 9. Bxe7 Qxe7 10. Nbxd4 Nfxd4 11. Nxd4 Nxe5 12. e3 O-O 13. Be2 Re8 14. O-O Ra6 15. Nf3 Rh6 16. Qd4 Nc6 17. Qf4 Rg6 18. Nh4 Re6 19. Nf5 Qf6 20. Bd3 Ne5 21. Bc2 g6 22. Nd4 Ra6 23. Qxf6 Rxf6 24. c5 b6 25. b4 bxc5 26. bxc5 Ba6 27. Rfd1 Rb8 28. Rab1 Rxb1 29. Rxb1 Nd7 30. c6 Nb6 31. Be4 Rd6 32. g4 Kg7 33. h3 Kf6 34. Kg2 Ke5 35. Bf3 Rd8 36. Kg3 Bd3 37. Rc1 Ba6 38. Rc5+ Kd6 39. Rxa5 Bd3 40. h4 f6 41. g5 f5 42. h5 Re8 43. h6 Rd8 44. a4 Rf8 45. Ra7 Rc8 46. Nb5+ Bxb5 47. axb5 Kc5 48. Ra1 Kxb5 49. Rd1 Kc5 50. Kf4 Re8 51. Rd2 Kc4 52. Rd1 Kc5 53. Bg2 Kc4 54. Rc1+ Kb5 55. Bf1+ Kb4 56. Rd1 Kc5 57. Bg2 Kb5 58. Kg3 Kc5 59. Rd4 Kb5 60. Kh2 Kc5 61. Kg1 Re7 62. Rd8 Kb5 63. Kf1 Kc5 64. Ke2 Kb5 65. Kd3 Kc5 66. Bh1 Kb5 67. Kd4 Kb4 68. Bf3 Kb5 69. Bg2 Kb4 70. Rg8 Re6 71. Rg7 Nc4 72. Rd7 Nb6 73. Rxc7 Rd6+ 74. Ke5 Nc4+ 75. Kf4 Rd2 76. Rb7+ Kc5 77. c7 Rxf2+ 78. Kg3 Nd6 79. c8=Q+ Nxc8 80. Kxf2 1-0


[Site "https://www.chess.com"]